 Dungeon Crawl Stone Soup version 0.22.1-6-g1668fe2c40 (webtiles) character file.

193 Forgol the Magician (level 5, 0/35 HPs)
             Began as a Mummy Conjurer on Jan 29, 2019.
             Slain by a gnoll (7 damage)
             ... on level 3 of the Dungeon.
             The game lasted 00:07:49 (4045 turns).

Forgol the Magician (Mummy Conjurer)                Turns: 4045, Time: 00:07:50

Health: 0/35       AC:  2    Str: 12    XL:     5   Next: 43%
Magic:  1/12       EV: 12    Int: 15    God:
Gold:   84         SH:  0    Dex: 12    Spells: 7/14 levels left

rFire    x . .     SeeInvis .   e - +1 whip
rCold    + . .     Gourm    .   (no shield)
rNeg     + + +     Faith    .   a - +0 robe
rPois    ∞         Spirit   .   (no helmet)
rElec    .         Reflect  .   (no cloak)
rCorr    .         Harm     .   (no gloves)
MR       .....                  (no boots)
Stlth    +++.......             (no amulet)
HPRegen  0.11/turn              h - ring of stealth
MPRegen  0.13/turn              (no ring)

@: no status effects
A: no food or potions, fire vulnerability, cold resistance 1, negative energy
resistance 3, torment resistance, unbreathing
a: no special abilities


You were on level 3 of the Dungeon.
You were not hungry.

You visited 1 branch of the dungeon, and saw 3 of its levels.

You collected 84 gold pieces.

Inventory:

Hand Weapons
 e - a +1 whip (weapon)
Armour
 a - a +0 robe (worn)
Jewellery
 h - a ring of stealth (left hand)
Scrolls
 b - 4 scrolls of identify
 d - a scroll of immolation
 g - a scroll of remove curse {unknown}
 i - a scroll of blinking {unknown}


   Skills:
 - Level 1.5 Dodging
 - Level 1.5 Stealth
 + Level 5.0 Spellcasting
 * Level 4.7 Conjurations


You had 7 spell levels left.
You knew the following spells:

 Your Spells              Type           Power        Failure   Level  Hunger
a - Magic Dart            Conj           ###.         2%          1    N/A
b - Searing Ray           Conj           ###...       3%          2    N/A
c - Iskenderun's Mystic   Conj           ###.....     22%         4    N/A

Your spell library contained the following spells:

 Spells                   Type           Power        Failure   Level  Hunger
 Dazzling Spray           Conj/Hex       ##....       19%         3    N/A
 Force Lance              Conj/Tloc      ##......     52%         4    N/A
 Fulminant Prism          Conj/Hex       ##........   52%         4    N/A

Dungeon Overview and Level Annotations

Branches:
Dungeon (3/15)

Altars:
Kikubaaqudgha
Wu Jian


Innate Abilities, Weirdness & Mutations

You do not eat or drink.
Your flesh is vulnerable to fire.
You are immune to poison.
Your flesh is cold resistant. (rC+)
You are immune to negative energy. (rN+++)
You are immune to unholy pain and torment.
You can survive without breathing.


Message History

You see here a stone.
As you read the scroll labeled LECAZA UDENE, it crumbles to dust.
It is a scroll of enchant weapon.
Your +0 whip glows red for a moment.
The gnoll barely misses you.
Casting: Magic Dart (safe; 2% risk of failure)
Confirm with . or Enter, or press ? or * to list all spells.
Aiming: Magic Dart (safe; 2% risk of failure)
Press: ? - help, Shift-Dir - straight line, f/p - gnoll
Aim: a gnoll, wielding a whip and wearing a robe (severely wounded)
The magic dart hits the gnoll.
The gnoll is moderately wounded.
The gnoll misses you.
You barely miss the gnoll.
The gnoll is moderately wounded.
The gnoll hits you.
* * * LOW HITPOINT WARNING * * *
You hit the gnoll.
The gnoll is heavily wounded.
The gnoll hits you!
You die...

#. ##.. ##.# #. #.. ##.#.
.s.# #. #.# #.##. #..#
#.###.######.##. #..#
............... #..#
#.##.#######... #..#
##.##......##... %.
#..#####...#..###.##... ....
#...gg@.......# #.....>
.....##(#####..#....###.##.)#
.....).(####.##.##......##..#
......).)....#####.#######..#
......######.# ##.# ##......
...... ##.###.####..(#..#
....#. #.......[.#....# ...##
########...#....# ..#
.........#####†.#


You could see 2 gnolls.

Vanquished Creatures
  2 gnolls (D:3)
  9 adders
  An ooze (D:2)
  A worm (D:2)
  5 leopard geckos
  5 orcs
  8 bats
  5 giant cockroaches
  10 goblins
  7 hobgoblins
  5 jackals
  6 kobolds
  A ball python (D:1)
  A ball python zombie (D:3)
  3 frilled lizards (D:2)
  A leopard gecko skeleton (D:3)
  8 rats
78 creatures vanquished.

Notes
Turn   | Place    | Note
-------+----------+-------------------------------------------
     0 | D:1      | Forgol the Mummy Conjurer began the quest for the Orb.
     0 | D:1      | Reached XP level 1. HP: 13/13 MP: 4/4
   181 | D:1      | Reached skill level 3 in Spellcasting
   325 | D:1      | Reached XP level 2. HP: 19/19 MP: 0/6
  1252 | D:1      | Reached XP level 3. HP: 24/24 MP: 5/8
  1328 | D:1      | Learned a level 2 spell: Searing Ray
  1566 | D:2      | Found an ancient bone altar of Kikubaaqudgha.
  1758 | D:2      | Reached skill level 4 in Spellcasting
  1761 | D:2      | HP: 1/24 [jackal (1)]
  2321 | D:2      | Reached XP level 4. HP: 30/30 MP: 6/10
  2336 | D:2      | Found an ornate altar of the Wu Jian Council.
  2515 | D:1      | Learned a level 4 spell: Iskenderun's Mystic Blast
  3296 | D:3      | Reached XP level 5. HP: 35/35 MP: 8/12
  4028 | D:3      | Reached skill level 5 in Spellcasting
  4045 | D:3      | Slain by a gnoll

Skill      XL: |  1  2  3  4  5 |
---------------+----------------+-----
Spellcasting   | 3 4 5 |  5.0
Conjurations   | 4 |  4.7
Dodging        | |  1.5
Stealth        | |  1.5

Action                   |  1- 3 |  4- 6 || total
-------------------------+-------+-------++-------
Melee: Unarmed           |    20 |       ||    20
       Whip              |    17 |    10 ||    27
 Cast: Magic Dart        |    86 |   109 ||   195
  Use: Scroll            |       |     4 ||     4
Armor: Robe              |    13 |     4 ||    17
Dodge: Dodged            |    54 |    23 ||    77
